 Dungeon Crawl Stone Soup version bcrawl-1.23 (webtiles) character file.

Game seed: 2596874767518509642

5040 Freyura the Basher (level 10, 0/63 HPs)
             Began as a Gargoyle Fighter on May 30, 2020.
             Was a Follower of the Shining One.
             Slain by Urug
             ... wielding a +5 double sword
              (8 damage)
             ... on level 1 of the Lair of Beasts.
             The game lasted 00:22:13 (7935 turns).

Freyura the Basher (Gargoyle Fighter)               Turns: 7935, Time: 00:22:14

Health: 0/63       AC: 24    Str: 20    XL:     10   Next: 55%
Magic:  12/12      EV:  7    Int: 12    God:    the Shining One [*.....]
Gold:   481        SH: 11    Dex: 12    Spells: 9/9 levels left

rFire    . . .     SeeInvis .   b - +0 morningstar
rCold    . . .     Gourm    .   c - +0 medium shield
rNeg     + . .     Faith    .   x - +0 chain mail
rPois    ∞         Spirit   .   j - +1 helmet {Int+3}
rElec    +         Reflect  .   y - +2 cloak {MR+}
rCorr    .         Harm     .   D - +0 pair of gloves (curse)
MR       +....                  (no boots)
Stlth    ..........             f - amulet of the acrobat
HPRegen  0.20/turn              (no ring)
MPRegen  0.13/turn              (no ring)

@: glowing, studying Maces & Flails
A: negative energy resistance 1, electricity resistance, unbreathing,
petrification resistance, rot immunity, AC +7
a: Renounce Religion


You were on level 1 of the Lair of Beasts.
You worshipped the Shining One.
The Shining One was aware of your devotion.
You were hungry.

You visited 2 branches of the dungeon, and saw 8 of its levels.

You collected 481 gold pieces.

Inventory:

Hand Weapons
 b - a +0 morningstar (weapon)
Armour
 c - a +0 medium shield (worn)
 j - a +1 helmet of intelligence (worn)
 x - a +0 chain mail (worn)
 y - a +2 cloak of magic resistance (worn)
 D - a cursed +0 pair of gloves (worn)
Jewellery
 a - an uncursed ring of protection from fire {unknown}
 f - an amulet of the acrobat (around neck)
Wands
 d - a wand of iceblast (7)
 r - a wand of disintegration (13)
 s - a wand of paralysis (9)
 w - a wand of flame (15)
 B - a wand of polymorph (20)
Scrolls
 h - 4 scrolls of remove curse
 i - a scroll of amnesia {unknown}
 l - a scroll of identify
 o - a scroll of blinking
 t - a scroll of teleportation
 C - a scroll of vulnerability {unknown}
Potions
 g - a potion of mutation
 k - a potion of brilliance
 m - a potion of resistance {unknown}
 p - a potion of flight
 q - 2 potions of curing {unknown}
 u - a potion of cancellation {unknown}
 v - a potion of lignification {unknown}
 A - a potion of invisibility {unknown}
Books
 n - a manual of Maces & Flails
Comestibles
 e - 13 rations {!d}


   Skills:
 + Level 7.4 Fighting
 * Level 10.4 Maces & Flails
 + Level 7.4 Armour
 + Level 4.8 Dodging
 + Level 7.4 Shields
 + Level 3.7 Invocations


You had 9 spell levels left.
You didn't know any spells.
Your spell library contained the following spells:

 Spells                   Type           Power        Failure   Level  Hunger
 Animate Skeleton         Necr           N/A          100%        1    ##.....
 Corona                   Hex            #......      100%        1    ##.....
 Pain                     Necr           #.....       100%        1    ##.....
 Shock                    Conj/Air       #....        100%        1    ##.....
 Ensorcelled Hibernation  Hex/Ice        #.....       100%        2    ###....
 Swiftness                Chrm/Air       #.......     100%        2    ###....
 Confuse                  Hex            #.......     100%        3    ####...
 Dazzling Spray           Conj/Hex       #.....       100%        3    ####...
 Regeneration             Chrm/Necr      #.........   100%        3    ####...
 Static Discharge         Air            #.......     100%        3    ####...
 Tukima's Dance           Hex            #.......     100%        3    ####...
 Vampiric Draining        Necr           #.........   100%        3    ####...
 Airstrike                Air            #.........   100%        4    #####..
 Animate Dead             Necr           N/A          100%        4    #####..
 Bolt of Draining         Conj/Necr      #.........   100%        5    ######.
 Lightning Bolt           Conj/Air       #.........   100%        5    ######.


Dungeon Overview and Level Annotations

Branches:
Dungeon (7/12)             Temple (0/1) D:7            Lair (1/6) D:7

Altars:
Cheibriados
Elyvilon
Nemelex Xobeh
Okawaru
Uskayaw
Wu Jian
Xom
Zin
The Shining One

Shops:
D:4 ?   D:5 *

Portals:
Gauntlet: Lair:1

Annotations:
Lair:1 Urug


Innate Abilities, Weirdness & Mutations

You are resistant to torment.
Your stone body is resilient. (AC +7)
You are immune to poison.
You resist negative energy. (rN+)
You are resistant to electric shocks. (rElec)
You can survive without breathing.
You are immune to petrification.
You are immune to rotting.


Message History

The river rat barely misses you. You block the river rat's attack.
You hit Urug.
Urug is severely wounded.
Urug hits you but does no damage. You block the river rat's attack.
The river rat bites you but does no damage.
You hit Urug but do no damage.
Urug is severely wounded.
You block the river rat's attack. Urug hits you with a +5 double sword!
* * * LOW HITPOINT WARNING * * *
The river rat bites you but does no damage.
Okay, then.
Okay, then.
You completely miss Urug.
Urug is severely wounded.
The blink frog blinks!
The rat twitches its whiskers.
The river rat bites you but does no damage.
A river rat comes into view.
Urug hits you with a +5 double sword!
You die...

....##.####.............
. ##.## #.............
#.#.###........÷....
##.#.##.............
##.###.............
##.##.............
###.########.......
#rr## #....... #.#@#
#....... # #o# #.......


rrr ######## r#rr. r##..#. #r .##.#. § . # ## r # You could see Urug, a hell
rat, 7 river rats and 3 rats.

Vanquished Creatures
  A two-headed ogre (D:7)
  A cane toad (Lair:1)
  Prince Ribbit (D:6)
  3 blink frogs (Lair:1)
  2 hippogriffs
  2 yaks
  A basilisk (Lair:1)
  Edmund (D:5)
  Duvessa (D:5)
  An ice beast (D:6)
  A sky beast (D:5)
  A black bear (D:6)
  An orc warrior (D:6)
  4 ogres (D:6)
  2 phantoms
  A big kobold (D:6)
  2 bullfrogs
  Dowan (D:5)
  4 scorpions
  2 howler monkeys
  2 crimson imps (D:5)
  A bullfrog zombie (D:5)
  2 jellies
  3 hounds
  6 orc wizards (D:6)
  A bullfrog skeleton (D:7)
  A hell rat (Lair:1)
  Terence (D:3)
  4 worker ants
  2 hound skeletons
  2 worker ant zombies (D:6)
  Robin (D:2)
  A howler monkey skeleton (D:5)
  12 adders
  4 gnolls (D:3)
  An ooze (D:4)
  An adder skeleton (D:5)
  5 worms
  4 dart slugs (D:2)
  4 leopard geckos
  8 orcs
  6 bats
  3 giant cockroaches
  8 goblins
  11 hobgoblins
  6 jackals
  14 kobolds
  3 quokkas
  3 ball pythons (D:2)
  A frilled lizard (D:2)
  A jackal skeleton (D:4)
  7 rats
162 creatures vanquished.

Vanquished Creatures (others)
  2 orc wizards (D:6)
2 creatures vanquished.

Grand Total: 164 creatures vanquished

Notes
Turn   | Place    | Note
-------+----------+-------------------------------------------
     0 | D:1      | Freyura the Gargoyle Fighter began the quest for the Orb.
     0 | D:1      | Reached XP level 1. HP: 14/14 MP: 1/1
     6 | D:1      | Noticed a swamp worm
     6 | D:1      | Noticed a salamander
     7 | D:1      | Noticed a rime drake
     7 | D:1      | Noticed a black bear
   186 | D:1      | Reached XP level 2. HP: 11/19 MP: 2/2
   813 | D:2      | Reached XP level 3. HP: 23/23 MP: 3/3
   856 | D:2      | Found a shimmering altar of Xom.
  1129 | D:2      | Found a snail-covered altar of Cheibriados.
  1163 | D:2      | Noticed Robin
  1178 | D:2      | Killed Robin
  1178 | D:2      | Reached skill level 3 in Maces & Flails
  1178 | D:2      | Reached XP level 4. HP: 23/29 MP: 4/4
  1182 | D:2      | Reached skill level 1 in Dodging
  1728 | D:3      | Reached XP level 5. HP: 20/33 MP: 5/5
  2423 | D:3      | Reached XP level 6. HP: 34/38 MP: 6/6
  2466 | D:3      | Noticed Terence
  2477 | D:3      | Killed Terence
  2600 | D:3      | Reached skill level 4 in Maces & Flails
  3401 | D:4      | Found Tuedd's Magic Scroll Boutique.
  3422 | D:4      | Found an ornate altar of the Wu Jian Council.
  3687 | D:5      | Entered Level 5 of the Dungeon
  3793 | D:5      | Reached XP level 7. HP: 44/44 MP: 7/7
  3799 | D:5      | Noticed Dowan
  3800 | D:5      | Noticed Duvessa
  3833 | D:5      | Killed Duvessa
  3854 | D:5      | Killed Dowan
  4004 | D:5      | Found a sparkling altar of Nemelex Xobeh.
  4021 | D:5      | Found Udiubb Xual's Assorted Antiques.
  4039 | D:5      | Reached skill level 5 in Maces & Flails
  4070 | D:5      | Found an iron altar of Okawaru.
  4079 | D:5      | Reached skill level 5 in Armour
  4092 | D:5      | Noticed a yak
  4112 | D:5      | Killed a yak
  4112 | D:5      | Reached skill level 5 in Fighting
  4112 | D:5      | Reached skill level 5 in Shields
  4112 | D:5      | Reached XP level 8. HP: 18/49 MP: 8/8
  4334 | D:5      | Noticed Edmund
  4352 | D:5      | Killed Edmund
  4513 | D:5      | Reached skill level 6 in Maces & Flails
  5154 | D:6      | Reached XP level 9. HP: 29/55 MP: 9/9
  5160 | D:6      | Identified 2 scrolls of acquirement
  5162 | D:6      | Identified the ring "Riliwar" {Dex+2 Stlth+} (You acquired
                  | it on level 6 of the Dungeon)
  5346 | D:6      | Reached skill level 7 in Maces & Flails
  5361 | D:6      | Found a white marble altar of Elyvilon.
  5361 | D:6      | Found a glowing silver altar of Zin.
  5362 | D:6      | Found a glowing golden altar of the Shining One.
  5362 | D:6      | Noticed Prince Ribbit
  5371 | D:6      | Became a worshipper of the Shining One
  5739 | D:6      | Reached skill level 1 in Invocations
  5828 | D:6      | Reached skill level 8 in Maces & Flails
  6095 | D:6      | Got a crystal war axe
  6179 | D:6      | Killed Prince Ribbit
  6611 | D:6      | Identified the cursed +2 war axe of Uskayaw {venom, Int+7
                  | SInv} (You found it on level 6 of the Dungeon)
  6659 | D:7      | Found a staircase to the Ecumenical Temple.
  6881 | D:7      | Noticed a two-headed ogre
  6891 | D:7      | Killed a two-headed ogre
  6891 | D:7      | Reached skill level 9 in Maces & Flails
  6891 | D:7      | Reached XP level 10. HP: 23/63 MP: 10/12
  7082 | D:7      | Found a hide-covered altar of Uskayaw.
  7163 | D:7      | Found a staircase to the Lair.
  7323 | D:7      | Found a sparkling altar of Nemelex Xobeh.
  7461 | Lair:1   | Entered Level 1 of the Lair of Beasts
  7465 | Lair:1   | Noticed a cane toad
  7471 | Lair:1   | Killed a cane toad
  7471 | Lair:1   | Reached skill level 10 in Maces & Flails
  7567 | Lair:1   | Found a gate leading to a gauntlet.
  7904 | Lair:1   | Reached * piety under the Shining One
  7920 | Lair:1   | Noticed Urug
  7935 | Lair:1   | Slain by Urug

Skill      XL: |  1  2  3  4  5  6  7  8  9 10 |
---------------+-------------------------------+-----
Maces & Flails | 3 4 5 6 9 10 | 10.4
Dodging        | 1 2 3 4 |  4.8
Armour         | 4 5 7 |  7.4
Fighting       | 4 5 6 7 |  7.4
Shields        | 4 5 6 7 |  7.4
Invocations    | 2 3 |  3.7

Action                   |  1- 3 |  4- 6 |  7- 9 | 10-12 || total
-------------------------+-------+-------+-------+-------++-------
Melee: Flail             |   130 |   297 |   479 |       ||   906
       Morningstar       |       |       |    30 |    91 ||   121
  Use: Scroll            |       |     4 |     9 |       ||    13
       Potion            |       |     1 |     2 |     1 ||     4
  Eat: Chunk             |     1 |     7 |     8 |     1 ||    17
       Ration            |       |     1 |     1 |       ||     2
Armor: Scale mail        |    75 |   168 |    52 |       ||   295
       Chain mail        |       |       |   309 |    45 ||   354
Dodge: Dodged            |    32 |    94 |   114 |    26 ||   266
Block: Medium shield     |    55 |   193 |   252 |    53 ||   553
